 Dungeon Crawl Stone Soup version 0.27-a0-661-gca034ae587 (webtiles) character file.

Game seed: 636679931799132829

2725 Aapotti the Chiller (level 9, 0/73 HPs)
             Began as a Demigod Ice Elementalist on Mar 17, 2021.
             Slain by a hornet (7 damage)
             ... on level 8 of the Dungeon.
             The game lasted 00:37:09 (9066 turns).

Aapotti the Chiller (Demigod Ice Elementalist)      Turns: 9066, Time: 00:37:10

Health: 0/73       AC:  8    Str: 13    XL:     9   Next: 17%
Magic:  2/18       EV: 13    Int: 21    God:
Gold:   506        SH:  0    Dex: 16    Spells: 2/16 levels left

rFire    + . .     SeeInvis .   G - +4 falchion of Comiduaz {vorpal, rElec Str-4 Dex+2}
rCold    . . .     Faith    .   (no shield)
rNeg     . . .     Spirit   .   x - +1 leather armour {rF+}
rPois    .         Reflect  .   i - +0 helmet
rElec    +         Harm     .   (no cloak)
rCorr    .         Rampage  .   v - +2 pair of gloves
Will     .....                  (no boots)
Stlth    ++........             F - amulet of the acrobat
HPRegen  0.22/turn              f - ring of wizardry
MPRegen  0.16/turn              (no ring)

@: about to teleport, marked
A: high mp 1, forlorn
a: no special abilities


You were on level 8 of the Dungeon.
You visited 1 branch of the dungeon, and saw 8 of its levels.

You collected 506 gold pieces.

Inventory:

Hand Weapons
 u - a +0 long sword
 A - a +0 short sword of venom
 G - the +4 falchion of Comiduaz (weapon) {vorpal, rElec Str-4 Dex+2}
   (You found it on level 7 of the Dungeon)

   It inflicts extra damage upon your enemies.
   It affects your strength (-4).
   It affects your dexterity (+2).
   It insulates you from electricity.
Missiles
 p - 2 throwing nets
 y - 69 poisoned darts
Armour
 i - a +0 helmet (worn)
 v - a +2 pair of gloves (worn)
 x - a +1 leather armour of fire resistance (worn)
 C - a +0 chain mail of willpower
 E - a +0 buckler
Jewellery
 f - a ring of wizardry (right hand)
 F - an amulet of the acrobat (around neck)
Wands
 w - a wand of digging (4)
 D - a wand of random effects (30)
Scrolls
 c - a scroll of enchant armour
 d - 2 scrolls of magic mapping
 h - a scroll of immolation {unknown}
 j - 4 scrolls of blinking {unknown}
 k - 5 scrolls of enchant weapon {unknown}
 l - a scroll of fear {unknown}
 o - 3 scrolls of amnesia {unknown}
 s - a scroll of noise {unknown}
 z - 3 scrolls of fog {unknown}
Potions
 a - 5 potions of brilliance
 b - a potion of attraction {unknown}
 e - 2 potions of curing
 m - a potion of mutation {unknown}
 n - a potion of lignification {unknown}
 q - 3 potions of might
 r - a potion of degeneration {unknown}
 t - 2 potions of flight
 B - 3 potions of heal wounds {unknown}
 H - a potion of berserk rage {unknown}
 I - a potion of cancellation {unknown}


   Skills:
 + Level 4.9 Fighting
 - Level 0.1(2.9) Short Blades
 + Level 4.8 Long Blades
 + Level 3.9 Armour
 + Level 4.3 Dodging
 - Level 1.7 Stealth
 + Level 1.4 Shields
 - Level 4.0 Spellcasting
 + Level 2.6 Conjurations
 - Level 6.3 Ice Magic


You had 2 spell levels left.
You knew the following spells:

 Your Spells              Type           Power      Damage    Failure   Level
a - Freeze                Ice            100%       1d11      1%          1
b - Frozen Ramparts       Ice            60%        1d8       1%          3
c - Ozocubu's Armour      Ice            30%        N/A       1%          3
d - Hailstorm             Conj/Ice       23%        3d7       10%         4
e - Conjure Flame         Conj/Fire      9%         6-21      11%         3

Your spell library contained the following spells:

 Spells                   Type           Power      Damage    Failure   Level
 Magic Dart               Conj           60%        1d6       1%          1
 Blink                    Tloc           N/A        N/A       9%          2
 Call Imp                 Summ           4%         N/A       9%          2
 Slow                     Hex            4%         N/A       9%          2
 Mephitic Cloud           Conj/Pois/Air  7%         N/A       12%         3
 Summon Ice Beast         Ice/Summ       17%        N/A       16%         4
 Cause Fear               Hex            2%         N/A       47%         4
 Silence                  Hex/Air        2%         N/A       82%         5
 Yara's Violent Unravell  Hex/Tmut       2%         3d3       82%         5
 Discord                  Hex            2%         N/A       100%        8


Dungeon Overview and Level Annotations

Branches:
Dungeon (8/15)             Temple (0/1) D:7            Lair (0/6) D:8

Annotations:
D:5 3 runed translucent doors, Aggronaut's ghost, weakling DrDe
D:8 Gastronok


Innate Abilities, Weirdness & Mutations

Your attributes grow dramatically as you level up.
You have an increased reservoir of magic. (+10% MP)
You shall have no god before yourself.


Message History

The howler monkey hoots and howls with incredible vigour!
The wall freezes the black bear!
The black bear goes berserk!
The howler monkey hits you.
The wall freezes the hornet.
Unknown command.
The wall freezes the black bear.
The black bear completely misses you. The black bear closely misses you.
The black bear misses you.
The wall freezes the hornet.
The howler monkey completely misses you.
The wall freezes the black bear.
You kill the black bear!
The wall freezes the hornet.
The howler monkey completely misses you.
The wall freezes Gastronok!
An ogre comes into view. It is wielding a +0 giant spiked club.
The wall freezes the hornet.
The hornet misses you.
As you read the scroll labelled ESUCWA SYZAUX, it crumbles to dust.
It is a scroll of enchant armour.
Your +0 leather armour of fire resistance glows green for a moment.
The frozen ramparts melt away.
The howler monkey hits you but does no damage.
The ice beast hits you. The ice beast freezes you! The hornet stings you!
You feel yourself slow down.
As you read the scroll labelled FURIUPLYA ZINE, it crumbles to dust.
You feel aware of your surroundings.
It was a scroll of magic mapping.
You feel yourself speed up. The hornet closely misses you.
The howler monkey barely misses you. The ice beast misses you.
You riposte.
You hit the ice beast but do no damage.
An ogre comes into view. It is wielding a +0 giant club.
The hornet stings you!
You feel yourself slow down. Gastronok bites you!!
* * * LOW HITPOINT WARNING * * *
The howler monkey hoots and howls with incredible vigour!
The ice beast closely misses you.
You riposte.
You hit the ice beast.
The ice beast is lightly wounded.
As you read the scroll labelled YTAR XUROOSI, it crumbles to dust.
You feel strangely unstable.
It was a scroll of teleportation.
You feel yourself speed up. The hornet barely misses you.
The howler monkey hits you.
* * * LOW HITPOINT WARNING * * *
The ogre barely misses you. The hornet stings you!
You die...

**************,*,,,,,,,,,,,,,*,,,
,,,,,*,,,,,,,#***##+#*,,******,,,
,*,*,*,*,*.#.#.###..##,,*****,,,,
,,,,,,,,,,.w.l..w....#,,*,,,,,,,,
*+********####..#†...#,,*,,,,,,,,
,,,,* #...,#....#,,*,,,,,,,,
,,,** #####.,*##'###,,***,*,,,,
**** ##..##+####.#**,,******,,,
##.......y@wO#,,,,,,,,,*,,,
######........hYO.#,,<,,,,..#*,,
#.......≈≈≈.......#,,,,,,,..#**,
##....≈≈≈≈≈≈≈......#,,,,,,,..#,,,
.......##+####.######+*###*#.#**#
##.....##..######*,*#.##.###.###.
##.....##...#...#,,,,.....#......
#...........#...#,,,,,....#......
#..........)#...#,,,,,,...#......


You could see Gastronok, a hornet, an ice beast, 2 ogres and a howler monkey
(catching breath).

Vanquished Creatures
  Menkaure (D:4)
  Edmund (D:6)
  A sky beast (D:7)
  3 ice beasts
  A black bear (D:8)
  5 ogres
  3 centaurs (D:7)
  A kobold brigand (D:7)
  6 bullfrogs
  A scorpion (D:7)
  A howler monkey (D:8)
  2 hounds
  2 jellies
  6 orc priests
  Ijyb (D:4)
  3 iguanas
  2 worker ants (D:7)
  3 orc wizards
  A hound skeleton (D:7)
  A worker ant zombie (D:7)
  6 adders
  7 gnolls
  A shadow imp (D:6)
  3 white imps
  An ufetubus (D:5)
  An adder zombie (D:5)
  2 adder skeletons
  4 worms
  8 leopard geckos
  15 orcs
  9 bats
  7 giant cockroaches
  7 hobgoblins
  8 jackals
  8 kobolds
  2 quokkas
  3 frilled lizards
  6 goblins
  A jackal zombie (D:7)
  A leopard gecko skeleton (D:7)
  10 rats
155 creatures vanquished.

Vanquished Creatures (others)
  A goblin (D:2)
1 creature vanquished.

Grand Total: 156 creatures vanquished

Notes
Turn   | Place    | Note
-------+----------+-------------------------------------------
     0 | D:1      | Aapotti the Demigod Ice Elementalist began the quest for
                  | the Orb.
     0 | D:1      | Reached XP level 1. HP: 14/14 MP: 5/5
   486 | D:1      | Reached skill level 4 in Ice Magic
   486 | D:1      | Reached XP level 2. HP: 20/20 MP: 4/7
  1285 | D:2      | Reached skill level 1 in Armour
  1285 | D:2      | Reached XP level 3. HP: 26/26 MP: 4/8
  1369 | D:2      | Learned a level 3 spell: Frozen Ramparts
  2575 | D:3      | Reached XP level 4. HP: 34/34 MP: 10/10
  2684 | D:3      | Reached skill level 1 in Fighting
  3399 | D:4      | Reached skill level 1 in Long Blades
  3820 | D:4      | Reached XP level 5. HP: 38/40 MP: 11/11
  3827 | D:4      | Learned a level 3 spell: Ozocubu's Armour
  3837 | D:4      | Noticed Ijyb
  3851 | D:4      | Killed Ijyb
  3986 | D:4      | Noticed Menkaure
  3997 | D:4      | Killed Menkaure
  4700 | D:5      | Entered Level 5 of the Dungeon
  4700 | D:5      | Noticed an ice beast
  4812 | D:5      | Noticed Aggronaut's ghost (weakling DrDe)
  4825 | D:5      | Reached XP level 6. HP: 48/48 MP: 8/13
  4847 | D:5      | Reached skill level 5 in Ice Magic
  5428 | D:5      | Reached XP level 7. HP: 33/56 MP: 7/15
  5654 | D:5      | Learned a level 4 spell: Hailstorm
  5744 | D:5      | Found a runed translucent gate.
  5751 | D:5      | Found a runed translucent gate.
  5827 | D:5      | Found a runed translucent gate.
  6436 | D:6      | Reached skill level 1 in Conjurations
  6993 | D:6      | Noticed Edmund
  6999 | D:6      | Killed Edmund
  7000 | D:6      | Reached XP level 8. HP: 61/64 MP: 11/17
  7364 | D:7      | Found a staircase to the Ecumenical Temple.
  7687 | D:6      | Learned a level 3 spell: Conjure Flame
  7827 | D:7      | Reached skill level 6 in Ice Magic
  8628 | D:7      | Identified the +4 battleaxe of Beyond {flame, +Inv rC++ rN+
                  | Int-4}
  8682 | D:7      | Identified the +4 falchion of Comiduaz {vorpal, rElec Str-4
                  | Dex+2}
  8838 | D:8      | Reached skill level 1 in Shields
  8838 | D:8      | Reached XP level 9. HP: 36/72 MP: 10/18
  9039 | D:8      | Noticed Gastronok
  9066 | D:8      | Slain by a hornet

Illustrated notes

Levels and vault maps discovered:
D:1:      giann_horns, layout_loops_ring
D:2:      layout_loops_corners, grunt_qazlal_clouds
D:3:      layout_basic, grunt_temple_overflow_open,
          chequers_ecumenical_altar_simple_redux
D:4:      layout_layer_cave, hangedman_decor_diamond_cutter, uniq_menkaure,
          uniq_ijyb
D:5:      layout_basic, minitemple, gammafunk_ghost_icy, fountainhead,
          minmay_bent
D:6:      layout_loops_ring, lemuel_altar_in_water, uniq_edmund
D:7:      minmay_the_grid_four_pointed_star
          [minmay_the_grid_triangle_9x9_windchime,
          minmay_the_grid_triangle_9x9_descending_squares,
          minmay_the_grid_triangle_9x9_negative_grid,
          minmay_the_grid_triangle_9x9_impossible_snake,
          minmay_the_grid_prize_shrinking_boxes], layout_cave_pools
D:8:      layout_gridville, overflow_temple_1_default,
          erik_lair_orcish_takeover, serial_rivers,
          chequers_serial_rivers_micro_e, chequers_serial_rivers_small_a,
          chequers_serial_rivers_micro_c, chequers_serial_rivers_micro_e,
          chequers_serial_rivers_room_b, hangedman_minor_gate_pass,
          uniq_gastronok, uniq_maurice

Skill      XL: |  1  2  3  4  5  6  7  8 |
---------------+-------------------------+-----
Ice Magic      | 4 5 6 |  6.3
Spellcasting   | 2 3 4 |  4.0
Dodging        | 2 4 |  4.3
Armour         | 1 2 3 |  3.9
Fighting       | 1 2 3 4 |  4.9
Long Blades    | 1 2 3 4 |  4.8
Conjurations   | 1 2 |  2.6
Shields        | 1 |  1.4
Short Blades   | |  0.1
Stealth        | |  1.7

Action                   |  1- 3 |  4- 6 |  7- 9 || total
-------------------------+-------+-------+-------++-------
Melee: Unarmed           |     6 |       |       ||     6
       Short sword       |    17 |       |       ||    17
       Falchion          |     3 |     9 |    19 ||    31
       Long sword        |       |    31 |   129 ||   160
 Cast: Freeze            |    66 |    33 |    34 ||   133
       Frozen Ramparts   |     4 |     8 |    26 ||    38
       Ozocubu's Armour  |       |     6 |     9 ||    15
       Conjure Flame     |       |       |     3 ||     3
  Use: Scroll            |       |     4 |     3 ||     7
 Stab: Sleeping          |       |       |     1 ||     1
Armor: Leather armour    |    22 |    20 |    66 ||   108
Dodge: Dodged            |    36 |    47 |   117 ||   200
       Rpst.: Falchion   |     4 |     4 |     7 ||    15
       Long sword        |       |     8 |    33 ||    41

Table legend: (Time is in decaauts)
 A = Elapsed time spent in this place.
 B = Non-inter-level travel time spent in this place.
 C = Inter-level travel time spent in this place.
 D = Time resting spent in this place.
 E = Time spent auto-exploring this place.
 F = Levels seen in this place.
 G = Mean time per level.
                   A        B        C        D        E       F      G
               +--------+--------+--------+--------+--------+-----+--------+
         Total |   9111 |   8945 |    166 |   2173 |   4955 |   8 | 1138.9 |
       Dungeon |   9111 |   8945 |    166 |   2173 |   4955 |   8 | 1138.9 |
               +--------+--------+--------+--------+--------+-----+--------+

Top non-repeatable levels by time:
     D:5: 1632 daAuts
     D:6: 1430 daAuts
     D:4: 1389 daAuts
     D:2: 1268 daAuts
     D:1: 1242 daAuts
     D:7: 945 daAuts
     D:3: 867 daAuts
     D:8: 335 daAuts
